 Dungeon Crawl Stone Soup version 0.30-a0-778-g2ef04afb54 (webtiles) character file.

Game seed: 8264282995641543258

41 Smoke131 the Ruffian (level 3, -1/35 HPs)
             Began as a Troll Gladiator on Feb 16, 2023.
             Slain by a yak (10 damage)
             ... on level 4 of the Dungeon.
             The game lasted 00:02:42 (1103 turns).

Smoke131 the Ruffian (Troll Gladiator)              Turns: 1103, Time: 00:02:42

Health: -1/35      AC:  4    Str: 22    XL:     3   Next: 32%
Magic:  2/2        EV: 10    Int:  4    God:
Gold:   87         SH:  0    Dex: 13    Spells: 2/2 levels left

rFire   . . .      SeeInvis .      - Unarmed
rCold   + . .      Faith    .    (no shield)
rNeg    . . .      Spirit   .    a - +0 robe
rPois   .          Reflect  .    b - +0 hat
rElec   .          Harm     .    (no cloak)
rCorr   .          Rampage  .    (gloves unavailable)
Will    .....                    (boots unavailable)
Stlth   +                        (no amulet)
HPRegen 1.05/turn                h - ring of protection from cold
MPRegen 0.08/turn                (no ring)

@: no status effects
A: large, unfitting armour, claws 3, regeneration 1, shaggy fur 1, tough skin 1
a: no special abilities


You were on level 4 of the Dungeon.
You visited 1 branch of the dungeon, and saw 3 of its levels.

You collected 87 gold pieces.

Inventory:

Missiles
 c - 3 throwing nets (quivered)
 d - a large rock
 m - 13 stones
Armour
 a - a +0 robe (worn)
 b - a +0 hat (worn)
Jewellery
 h - a ring of protection from cold (left claw)
Scrolls
 e - 2 scrolls of amnesia {unknown}
 f - 3 scrolls of teleportation {unknown}
 g - 2 scrolls of poison {unknown}
 i - a scroll of identify {unknown}
Potions
 j - a potion of degeneration {unknown}
 k - a potion of flight {unknown}


   Skills:
 + Level 2.0 Fighting
 + Level 2.3 Throwing
 + Level 2.8 Dodging
 + Level 3.3 Unarmed Combat


You had 2 spell levels left.
You didn't know any spells.
Your spell library was empty.

Dungeon Overview and Level Annotations

Branches:
Dungeon (2/15)

Altars:
Xom


Innate Abilities, Weirdness & Mutations

You are too large for most types of armour.
You have claws for hands.
Your natural rate of healing is unusually fast.
You are covered in fur. (AC +1)
You have tough skin. (AC +1)


Message History

a +0 dagger; a goblin corpse The yak attacks as you move away!
The yak gores you! The yak attacks as you move away!
The yak gores you but does no damage. The yak attacks as you move away!
The yak barely misses you.
You see here 2 atropa-tipped darts.
l - 4 atropa-tipped darts (gained 2)
The yak gores you! The yak attacks as you move away! The yak gores you!
The yak attacks as you move away! The yak gores you but does no damage.
The yak attacks as you move away! The yak closely misses you.
Throw: 4 darts (atropa)
Press: ? - help, Q - select action, (/) - cycle Shift-Dir - straight line, f - yak
Aim: a yak (70% to hit, chance to blind on hit: 3%)
You throw an atropa-tipped dart. The atropa-tipped dart hits the yak.
The yak resists.
The yak gores you!
* * * LOW HITPOINT WARNING * * *
Throw: 3 darts (atropa)
Press: ? - help, Q - select action, (/) - cycle Shift-Dir - straight line, f/p - yak
Aim: a yak (70% to hit, chance to blind on hit: 3%)
You throw an atropa-tipped dart. The atropa-tipped dart hits the yak.
The yak resists.
The yak gores you.
* * * LOW HITPOINT WARNING * * *
Throw: 2 darts (atropa)
Press: ? - help, Q - select action, (/) - cycle Shift-Dir - straight line, f/p - yak
Aim: a yak (70% to hit, chance to blind on hit: 19%)
You throw an atropa-tipped dart.
The atropa-tipped dart barely misses the yak.
The atropa-tipped dart barely misses the yak.
The atropa-tipped dart hits the yak.
The yak resists.
The yak misses you.
Throw: dart (atropa)
Press: ? - help, Q - select action, (/) - cycle Shift-Dir - straight line, f/p - yak
Aim: a yak (70% to hit, chance to blind on hit: 3%)
You throw an atropa-tipped dart. The atropa-tipped dart hits the yak.
The yak resists.
The yak gores you!
You die...

#.###.Y.....# #.#
##.....## #.# ##...##
#.# ##'## #.# #.# #.#
#.# ..# ##.##
#######...##########.#
..........(.Y.YY@....#
####.#.....###########
#.#.#.#.# #.#.#.#.#
#.#.....# #.###.#.#
#.# #.#.# #.. ....#


You could see 3 yaks.

Vanquished Creatures
  A gnoll (D:1)
  2 dart slugs (D:1)
  2 endoplasms (D:1)
  2 giant cockroaches (D:1)
  4 goblins
  3 hobgoblins (D:1)
  2 ball pythons (D:1)
  3 frilled lizards (D:1)
  4 kobolds (D:1)
  5 rats (D:1)
28 creatures vanquished.

Notes
Turn   | Place    | Note
-------+----------+-------------------------------------------
     0 | D:1      | Smoke131 the Troll Gladiator began the quest for the Orb.
     0 | D:1      | Reached XP level 1. HP: 19/19 MP: 0/0
   184 | D:1      | Reached XP level 2. HP: 28/28 MP: 1/1
   749 | D:1      | Reached XP level 3. HP: 35/35 MP: 2/2
  1049 | D:2      | You fall into a shaft and drop 2 floors!
  1050 | D:4      | Noticed a yak
  1054 | D:4      | Noticed a yak
  1054 | D:4      | Noticed a yak
  1054 | D:4      | Noticed a yak
  1055 | D:4      | Noticed a yak
  1065 | D:4      | Found a shimmering altar of Xom.
  1067 | D:4      | Found a shimmering altar of Xom.
  1067 | D:4      | Found a shimmering altar of Xom.
  1103 | D:4      | Slain by a yak

Illustrated notes

Levels and vault maps discovered:
D:1:      dpeg_arrival_court, layout_basic, chequers_avenue
D:2:      layout_rooms, hellmonk_ecumenical_altar_zigzags, serial_bayou_pond_a,
          kennysheep_generic_room_4, uniq_natasha, uniq_crazy_yiuf_cottage
D:4:      layout_loops_corners, yredelemnul_altar_generic, xom_redecorated

Skill      XL: |  1  2 |
---------------+-------+-----
Throwing       | 2 |  2.3
Fighting       | 2 |  2.0
Dodging        | |  2.8
Unarmed Combat | |  3.3

Action                     || total
---------------------------++-------
  Melee: Unarmed           ||    62
         Punch             ||     2
  Throw: Dart              ||     6
   Stab: Sleeping          ||     1
 Armour: Robe              ||    30
  Dodge: Dodged            ||    32

Table legend: (Time is in decaauts)
 A = Elapsed time spent in this place.
 B = Non-inter-level travel time spent in this place.
 C = Inter-level travel time spent in this place.
 D = Time resting spent in this place.
 E = Time spent auto-exploring this place.
 F = Levels seen in this place.
 G = Mean time per level.
                   A        B        C        D        E       F      G
               +--------+--------+--------+--------+--------+-----+--------+
         Total |   1098 |    980 |    118 |      5 |    697 |   3 |  366.0 |
       Dungeon |   1098 |    980 |    118 |      5 |    697 |   3 |  366.0 |
               +--------+--------+--------+--------+--------+-----+--------+

Top non-repeatable levels by time:
     D:1: 1045 daAuts
     D:4: 52 daAuts
